Description

"The basic goal of this build is to use a chargelot immortal based army off a phoenix opener to secure 4 bases safely."

Full in depth write up can be found here:

http://www.teamliquid.net/forum/sc2-strategy/499898-probes-chargelot-immortal-macro-pvz

VOD

http://www.twitch.tv/wardiii/v/27765439?t=4h32m00s

Replay - AcerBly v Probe: Game 2 - Orbital Shipyard

Build Order

Get SALT Encoding   

  12  0:01  Probe (Chrono Boost)  
  13  0:11  Probe (Chrono Boost)  
  14  0:21  Pylon  
  14  0:22  Probe (Chrono Boost)  
  15  0:39  Probe (Chrono Boost), Gateway  
  17  0:47  Assimilator  
  17  0:50  Probe (Chrono Boost)  
  17  1:00  Probe (Chrono Boost)  
  18  1:11  Probe (Chrono Boost)  
  19  1:20  Nexus  
  19  1:24  Probe (Chrono Boost)  
  20  1:34  Cybernetics Core  
  20  1:36  Probe (Chrono Boost)  
  21  1:42  Assimilator  
  21  1:46  Probe (Chrono Boost)  
  22  1:49  Pylon  
  22  1:57  Probe (Chrono Boost)  
  23  2:08  Probe (Chrono Boost)  
  24  2:10  Adept (Chrono Boost)  
  24  2:11  Warp Gate  
  26  2:19  Probe  
  27  2:31  Mothership Core (Chrono Boost)  
  27  2:32  Probe (Chrono Boost)  
  27  2:34  Adept  
  32  2:43  Probe (Chrono Boost)  
  33  2:50  Probe (Chrono Boost)  
  34  2:53  Probe (Chrono Boost)  
  35  3:01  Probe (Chrono Boost)  
  35  3:04  Probe (Chrono Boost)  
  37  3:07  Sentry  
  37  3:11  Probe (Chrono Boost)  
  40  3:14  Probe (Chrono Boost), Gateway x2  
  40  3:19  Stargate  
  41  3:22  Probe (Chrono Boost)  
  41  3:25  Probe (Chrono Boost)  
  43  3:32  Probe (Chrono Boost)  
  44  3:35  Probe (Chrono Boost)  
  44  3:39  Assimilator  
  44  3:40  Assimilator  
  45  3:43  Probe (Chrono Boost)  
  45  3:44  Pylon  
  45  3:48  Pylon  
  50  4:03  Probe x2 (Chrono Boost)  
  50  4:08  Forge  
  46  4:12  Probe (Chrono Boost), Phoenix (Chrono Boost)  
  46  4:13  Probe  
  50  4:17  Sentry  
  50  4:22  Probe  
  53  4:24  Nexus  
  53  4:25  Probe  
  53  4:26  Pylon  
  54  4:33  Probe, Pylon  
  54  4:35  Phoenix (Chrono Boost)  
  54  4:38  Probe  
  58  4:44  Probe  
  58  4:48  Photon Cannon  
  58  4:50  Probe  
  60  4:54  Phoenix (Chrono Boost)  
  60  4:55  Probe  
  60  4:59  Robotics Facility  
  63  5:02  Protoss Ground Weapons Level 1 (Chrono Boost)  
  63  5:10  Probe, Twilight Council  
  64  5:16  Probe  
  65  5:21  Phoenix  
  65  5:22  Probe  
  68  5:28  Probe  
  68  5:35  Probe  
  70  5:38  Gateway  
  70  5:41  Probe, Gateway, Pylon  
  70  5:42  Probe  
  71  5:43  Phoenix  
  71  5:46  Immortal (Chrono Boost)  
  78  5:51  Probe  
  78  5:53  Probe  
  78  5:55  Probe, Charge (Chrono Boost)  
  81  6:03  Probe  
  82  6:05  Probe  
  82  6:07  Probe  
  84  6:16  Probe  
  84  6:17  Probe  
  86  6:19  Immortal  
  86  6:21  Assimilator  
  86  6:25  Assimilator, Gateway x2  
  90  6:41  Gateway, Protoss Ground Weapons Level 2 (Chrono Boost)  
  90  6:42  Gateway  
  90  6:43  Probe x2, Gateway  
  92  6:47  Zealot  
  92  6:48  Zealot x3, Pylon  
  92  6:53  Pylon  
  100  6:57  Templar Archives  
  100  6:59  Observer (Chrono Boost)  
  101  7:08  Pylon  
  101  7:11  Pylon  
  101  7:18  Immortal (Chrono Boost)  
  101  7:20  Pylon  
  101  7:21  Pylon  
  105  7:24  Zealot x4  
  105  7:28  Resonating Glaives  
  113  7:38  High Templar x3  
  113  7:39  High Templar  
  113  7:43  Zealot x2, Archon x2  
  125  7:50  Zealot  
  125  7:51  Zealot x3  
  133  7:52  Warp Prism (Chrono Boost)  
  135  8:01  Nexus  
  135  8:03  Pylon  
  135  8:09  Adept x2  
  135  8:12  Pylon  
  137  8:18  Robotics Facility  
  137  8:23  Robotics Bay  
  139  8:34  Immortal (Chrono Boost)  
  139  8:38  High Templar  
  139  8:39  High Templar x3  
  147  8:41  Zealot x3  
  147  8:42  Zealot  
  147  8:43  Archon x2  
  147  8:46  Zealot x2  
  147  8:47  Photon Cannon  
  157  8:56  Protoss Ground Weapons Level 3  
  151  9:11  Disruptor (Chrono Boost), Nexus  
  151  9:12  Disruptor (Chrono Boost)  
  151  9:13  Observer Gravitic Boosters  
  157  9:21  Zealot x4  
  165  9:27  Photon Cannon  
  165  9:29  Photon Cannon  
  163  9:38  Pylon  
  163  9:48  Zealot, Photon Cannon  
  163  9:51  Photon Cannon  
  165  9:53  Pylon  
  165  9:55  Assimilator, Pylon  
  165  9:56  Pylon  
  165  9:57  Disruptor x2 (Chrono Boost)  
Spawning Tool Build Advisor. Get it on Overwolf

Analysis

Early Game Build Order

The goal of the early game is to safely get phoenix off 2 bases, before taking a third around 4:30. At this point a robo and twilight is added to move into the midgame.

3 opening builds are included in the Team Liquid write up: Nexus first into 2 Gate Adept, Gate Gas Nexus, and Nexus into Gate/Forge.

The SALT build order is for Gate Gas Nexus.

Mid Game Build Order

At this point in the game, you third base should be finishing, twilight and robo both on the way.

Get Charge and +2 attack 2 immortals -> observer -> constant immortal production

Start to add a pylon wall at your third base for overcharge against timings

Go up to 7 gates quickly

Stop at 16 probes on the third, don't take gas there.

Warp in Zealots and immortals constantly. Feel free to add adepts and their ugprade after charge.

Add Templer archives for archons and a 4th base

This is a really quick 4th base, and the reason for this is because your main will start to mine out really quickly and you need a strong economy to overwhelm your opponent.

Go up to 12-16 Gateways and add gases at third and fourth. Add second robo/bay and stargates depending on what you see.

Against lair tech zerg -> disruptors. Against hive tech zerg -> immortals/safety stargates

All the items listed below are fleshed out in detail in the Team Liquid post, I'll just include the subject headings to encourage you to go there:

Reactions

  • Dealing with Roach Ravager
  • Dealing with Ling Hydra
  • Dealing with Roach Ravager Hydra
  • Dealing with Ling Ravager Muta
  • Dealing with Lurkers
  • Dealing with Mutalisk in general
  • Dealing with Baneling composistions
  • Dealing with Upgraded Lings -> Infestor Ultralisk
  • Dealing with Broodlords
  • Transitions

Execution

  • Early Game Defense
  • Phoenix use
  • Pylon walls
  • Chargelot micro
  • Forming an Arc

Go to:

Details

  • Created by: LithicLeafy
  • Published on: Jan 25, 2016
  • Modified on: Jan 25, 2016
  • Patch: Pre-3.8.0
Show
View Real Time Build Order
Export as new Build Order

Comments (0)

There are no comments. Be the first!

Create an account to comment!